 Dungeon Crawl Stone Soup version 0.30-a0-840-ga523dec638 (webtiles) character file.

Game seed: 16915665111113930351

124 Zonian the Ruffian (level 5, -8/26 HPs)
             Began as a Vine Stalker Transmuter on Mar 2, 2023.
             Was an Initiate of Ashenzari.
             Splashed by a jelly's acid (11 damage)
             ... on level 4 of the Dungeon.
             The game lasted 00:04:24 (3311 turns).

Zonian the Ruffian (Vine Stalker Transmuter)        Turns: 3311, Time: 00:04:24

Health: -8/26      AC: -2    Str: 15    XL:     5   Next: 8%
Magic:  0/10       EV: 12    Int: 13    God:    Ashenzari [......]
Gold:   141        SH:  3    Dex: 14    Spells: 9/10 levels left

rFire   . . .      SeeInvis .      - Unarmed
rCold   . . .      Faith    .    l - +0 buckler
rNeg    . . .      Spirit   +    a - +0 robe
rPois   .          Reflect  .    (helmet currently unavailable)
rElec   .          Harm     .    (no cloak)
rCorr   .          Rampage  .    (no gloves)
Will    .....                    (boots currently unavailable)
Stlth   +                        (no amulet)
HPRegen 1.04/turn                (no ring)
MPRegen 0.12/turn                (no ring)

@: appendages, corroded
A: horns 2, talons 2, fangs 2, regeneration 1, magic shield, antimagic bite, no
potion heal 2
a: End Transformation, Renounce Religion, Shatter the Chains


You were on level 4 of the Dungeon.
You worshipped Ashenzari.
Ashenzari was noncommittal.
You had temporarily grown beastly horns and talons.
You visited 1 branch of the dungeon, and saw 4 of its levels.

You collected 141 gold pieces.

Inventory:

Missiles
 f - 7 poisoned darts
Armour
 a - a +0 robe (worn)
 c - the cursed +0 pair of boots "Share My Heresy" (melded) {Fort, Bglg}
   (You found it on level 1 of the Dungeon)

   It has a curse which improves the following skills: Fortitude: Armour and
   Shields.
   Beguiling: Conjurations, Hexes and Translocations.
 l - a +0 buckler (worn)
Jewellery
 t - a ring of willpower
Scrolls
 g - a scroll of noise
 i - a scroll of brand weapon {unknown}
 m - a scroll of teleportation {unknown}
 p - a scroll of vulnerability {unknown}
 r - a scroll of poison {unknown}
 s - a scroll of enchant armour {unknown}
Potions
 b - a potion of lignification
 d - a potion of heal wounds {unknown}
 e - 3 potions of curing
 h - 2 potions of haste
 j - a potion of brilliance {unknown}
 k - a potion of berserk rage {unknown}
 n - a potion of cancellation {unknown}
 o - a potion of mutation {unknown}
 q - a potion of resistance {unknown}


   Skills:
 + Level 2.0 Fighting
 + Level 2.3 Dodging
 + Level 3.6 Unarmed Combat
 + Level 3.0 Spellcasting
 + Level 2.8 Transmutations


You had 9 spell levels left.
You knew the following spells:

 Your Spells              Type           Power      Damage    Failure   Level
a - Beastly Appendage     Tmut           18%        N/A       10%         1

Your spell library contained the following spells:

 Spells                   Type           Power      Damage    Failure   Level
 Wereblood                Tmut           9%         N/A       14%         2
 Spider Form              Tmut/Pois      5%         N/A       45%         3
 Ice Form                 Ice/Tmut       5%         N/A       86%         4


Dungeon Overview and Level Annotations

Branches:
Dungeon (4/15)             Temple (0/1) D:4

Altars:
Ashenzari


Innate Abilities, Weirdness & Mutations

You have temporarily grown beastly horns and talons.
You have extremely sharp teeth.
Your natural rate of healing is unusually fast.
When hurt, damage is shared between your health and your magic reserves.
Your bite disrupts and absorbs the magic of your enemies.
Potions cannot restore your health.


Message History

A jelly comes into view.
Found 13 gold pieces.
The jelly quivers.
A jelly is nearby!
Unknown command.
Casting: Beastly Appendage (safe; 10% risk of failure)
Confirm with . or Enter, or press ? or * to list all spells.
You don't know that spell.
Unknown command.
Found 9 gold pieces.
Casting: Beastly Appendage (safe; 10% risk of failure)
Confirm with . or Enter, or press ? or * to list all spells.
You grow a pair of large bovine horns.
Your feet morph into talons.
The cursed +0 pair of boots "Share My Heresy" {Fort, Bglg} melds into your body.
Unknown command.
A goblin comes into view. It is wielding a +0 trident.
The goblin shouts!
You hit the jelly but do no damage.
Your hands burn!
You hear a shout!
The jelly hits you.
You are splashed with acid!
A hound comes into view.
The hound barks!
You hit the jelly but do no damage.
Your hands burn!
You headbutt the jelly!
The jelly is severely wounded.
The jelly barely misses you.
You hit the jelly but do no damage. The acid corrodes you!
Your hands burn!
You claw the jelly.
The jelly is almost dead.
The jelly hits you.
You are splashed with acid!
* * * LOW HITPOINT WARNING * * *
You are too injured to fight recklessly!
You hit the jelly but do no damage.
Your hands burn!
* * * LOW HITPOINT WARNING * * *
You headbutt the jelly, but do no damage.
You bite the jelly, but do no damage.
The jelly is almost dead.
The jelly hits you.
* * * LOW HITPOINT WARNING * * *
You are splashed with acid!
You die...

....).........###....
.......<.....##..###
########....).....##.## #
.......#.†.......†....# .
.......#..........#......
...........#####....#..>.
........##...###.#.###...
#######..###.......###..#
##@# #####...##..## #J.#
#..##..#.. ##.#
..#....... .. ....## ..h
# ..$. .$.#. ...###


You could see a hound and a jelly.

Vanquished Creatures
  A hound (D:4)
  An iguana (D:4)
  4 adders
  A worm (D:4)
  3 orcs
  5 bats
  2 endoplasms (D:2)
  A giant cockroach (D:4)
  3 goblins
  A hobgoblin (D:1)
  6 quokkas
  A frilled lizard (D:3)
  2 kobolds
31 creatures vanquished.

Notes
Turn   | Place    | Note
-------+----------+-------------------------------------------
     0 | D:1      | Zonian the Vine Stalker Transmuter began the quest for the
                  | Orb.
     0 | D:1      | Reached XP level 1. HP: 9/9 MP: 4/4
    93 | D:1      | Found a faded altar of an unknown god.
   251 | D:1      | Reached skill level 1 in Fighting
   505 | D:1      | Reached XP level 2. HP: 14/14 MP: 6/6
  1006 | D:2      | Reached XP level 3. HP: 6/18 MP: 1/7
  1805 | D:3      | Found a broken altar of Ashenzari.
  1813 | D:3      | Became a worshipper of Ashenzari the Shackled
  3201 | D:4      | Gained mutation: Your natural rate of healing is unusually
                  | fast. [Vine Stalker growth]
  3201 | D:4      | Reached XP level 4. HP: 16/23 MP: 6/9
  3205 | D:4      | Identified the cursed +0 pair of boots "Share My Heresy"
                  | {Fort, Bglg} (You found it on level 1 of the Dungeon)
  3256 | D:4      | Found a staircase to the Ecumenical Temple.
  3266 | D:4      | Reached XP level 5. HP: 24/26 MP: 8/10
  3311 | D:4      | Splashed by a jelly's acid

Illustrated notes

Levels and vault maps discovered:
D:1:      psy_arrival_radial02, layout_basic,
          shapermc_ecumenical_altar_flowoftime
D:2:      layout_basic
D:3:      layout_loops_ring, mainiacjoe_overflow_cross_hatched, serial_rivers,
          chequers_serial_rivers_large_b, chequers_serial_rivers_large_a,
          chequers_serial_rivers_marsh, chequers_serial_rivers_micro_a,
          chequers_serial_rivers_micro_a
D:4:      layout_rooms, minmay_temple_entry_wispy, grunt_decor_cap,
          patterned_corridor

Skill      XL: |  1  2  3  4 |
---------------+-------------+-----
Fighting       | 1 2 |  2.0
Dodging        | 2 |  2.3
Spellcasting   | 3 |  3.0
Unarmed Combat | |  3.6
Transmutations | |  2.8

Action                     |  1- 3 |  4- 6 || total
---------------------------+-------+-------++-------
  Melee: Unarmed           |    83 |    34 ||   117
         Kick              |    10 |     3 ||    13
         Bite              |    13 |     9 ||    22
         Headbutt          |     6 |     4 ||    10
   Cast: Beastly Appendage |    15 |     2 ||    17
 Invoke: Curse Item        |     1 |       ||     1
    Use: Scroll            |     3 |       ||     3
 Armour: Robe              |    17 |     7 ||    24
  Dodge: Dodged            |    63 |    20 ||    83
  Block: Buckler           |     7 |     1 ||     8

Table legend: (Time is in decaauts)
 A = Elapsed time spent in this place.
 B = Non-inter-level travel time spent in this place.
 C = Inter-level travel time spent in this place.
 D = Time resting spent in this place.
 E = Time spent auto-exploring this place.
 F = Levels seen in this place.
 G = Mean time per level.
                   A        B        C        D        E       F      G
               +--------+--------+--------+--------+--------+-----+--------+
         Total |   3362 |   3200 |    162 |    666 |   2056 |   4 |  840.5 |
       Dungeon |   3362 |   3200 |    162 |    666 |   2056 |   4 |  840.5 |
               +--------+--------+--------+--------+--------+-----+--------+

Top non-repeatable levels by time:
     D:3: 1127 daAuts
     D:2: 1015 daAuts
     D:1: 643 daAuts
     D:4: 576 daAuts
